AoeStats
← Katalipsis1

Nomad

503530087Analyzed
2v2 RM · 1mo ago on Sep 1, 2026· 44m 44s· 4 players
Game mode
Random Map
Map size
176×176
Population
200
Speed
Normal
Resources
Standard
Victory
Conquest
Starting age
Dark Age
Ending age
Imperial Age
RankedLock teamsTeams togetherTeam positionsShared explorationLock speedFull tech treeHidden civsTurbo modeCheats
Victory
Defeat
🇦🇷 Persians · Argentina
948
+15
🇦🇷 Portuguese · Argentina
946
+15
🇦🇷 Berbers · Argentina
938
-16
🇦🇷 Tatars · Argentina
925
-15
Katalipsis1
7:44 Loom
14:32 Feudal Age
15:05 Double-Bit Axe
16:34 Wheelbarrow
17:22 Gold Mining
18:45 Town Watch
21:46 Fletching
26:00 Castle Age
25:39 Padded Archer Armor
34:29 Ballistics
37:26 Bodkin Arrow
40:00 Bloodlines
39:51 Husbandry
40:08 Leather Archer Armor
khlosada
5:07 Loom
16:41 Feudal Age
22:06 Castle Age
21:26 Bloodlines
27:50 Scale Barding Armor
29:10 Forging
29:10 Double-Bit Axe
29:08 Horse Collar
34:38 Wheelbarrow
37:48 Chain Barding Armor
44:19 Imperial Age
little_moyo
3:56 Loom
16:05 Feudal Age
16:28 Fishing Lines
16:41 Double-Bit Axe
22:32 Castle Age
20:56 Stone Mining
20:57 Gold Mining
24:17 Wheelbarrow
24:15 Gillnets
28:30 Bloodlines
28:21 Husbandry
28:23 Pikeman
34:22 Forging
34:14 Scale Mail Armor
34:20 Scale Barding Armor
38:07 Imperial Age
44:11 Bow Saw
CHINPOKOMON
2:58 Loom
13:24 Feudal Age
14:20 Double-Bit Axe
18:29 Castle Age
16:35 Town Watch
19:41 Forging
29:02 Fletching
29:15 Padded Archer Armor
31:59 Wheelbarrow
31:34 Elite Skirmisher
32:24 Gold Mining
33:58 Hand Cart
39:07 Imperial Age
39:33 Ballistics
39:52 Town Patrol
40:36 Bodkin Arrow
45:54 Chemistry
Connection lost

Rejoining the realm…

Still unreachable

The connection could not be restored.

Session expired

The server has moved on; the page needs a fresh start.